 Dungeon Crawl Stone Soup version 0.29-a0-297-g7659ce593d (webtiles) character file.

Game seed: 8387691041305247847

317 Dabor the Insei (level 6, -12/48 HPs)
             Began as a Vine Stalker Transmuter on Mar 22, 2022.
             Mangled by an ogre
             ... wielding a +0 giant club
             ... summoned by a shadow demon
             ... created by the darkness of Dithmenos
              (22 damage)
             ... on level 4 of the Dungeon.
             The game lasted 00:16:31 (3730 turns).

Dabor the Insei (Vine Stalker Transmuter)           Turns: 3730, Time: 00:16:31

Health: -12/48     AC: 23    Str: 14    XL:     6   Next: 45%
Magic:  0/12       EV:  2    Int: 13    God:
Gold:   358        SH:  0    Dex: 15    Spells: 11/12 levels left

rFire   . . .      SeeInvis .     - Unarmed
rCold   . . .      Faith    .   (no shield)
rNeg    . . .      Spirit   +   (body armour currently unavailable)
rPois   +          Reflect  .   (helmet currently unavailable)
rElec   .          Harm     .   (cloak currently unavailable)
rCorr   .          Rampage  .   (gloves currently unavailable)
Will    .....      NoTele   +   (boots currently unavailable)
Stlth   ..........              (no amulet)
HPRegen 0.96/turn               (no ring)
MPRegen 0.13/turn               (no ring)

@: tree-form (expiring), silenced, marked
A: stationary, stasis, torment immunity, boosted hp, (fangs 2), regeneration 1,
magic shield, (antimagic bite), no potion heal 2
a: no special abilities


You were on level 4 of the Dungeon.
You were a tree.
You visited 1 branch of the dungeon, and saw 4 of its levels.

You collected 358 gold pieces.

Inventory:

Armour
 a - a +0 robe (melded)
 d - a +2 cloak (melded)
 f - a +0 pair of gloves (melded)
Jewellery
 i - a ring of poison resistance
 s - a ring of wizardry
 t - an amulet of regeneration
Wands
 m - a wand of polymorph (4)
 u - a wand of mindburst (6)
Scrolls
 h - a scroll of enchant armour
 r - a scroll of vulnerability {unknown}
Potions
 b - 2 potions of lignification
 c - a potion of invisibility {unknown}
 e - 2 potions of flight {unknown}
 j - a potion of resistance {unknown}
 k - a potion of cancellation {unknown}
 o - a potion of curing {unknown}
 p - a potion of brilliance {unknown}
 q - a potion of mutation {unknown}


   Skills:
 * Level 2.5 Fighting
 * Level 2.7 Dodging
 * Level 4.0 Unarmed Combat
 * Level 3.5 Spellcasting
 * Level 3.4 Transmutations
 + Level 0.1 Earth Magic


You had 11 spell levels left.
You knew the following spells:

 Your Spells              Type           Power      Damage    Failure   Level
a - Beastly Appendage     Tmut           22%        N/A       5%          1

Your spell library contained the following spells:

 Spells                   Type           Power      Damage    Failure   Level
 Wereblood                Tmut           11%        N/A       9%          2
 Apportation              Tloc           4%         N/A       22%         1
 Shock                    Conj/Air       8%         1d3       22%         1
 Scorch                   Fire           4%         2d5       32%         2
 Spider Form              Tmut/Pois      6%         N/A       32%         3
 Gell's Gravitas          Tloc           2%         N/A       54%         3
 Swiftness                Air            2%         N/A       54%         3
 Teleport Other           Tloc           2%         N/A       54%         3
 Ice Form                 Ice/Tmut       6%         N/A       71%         4
 Airstrike                Air            1%         N/A       91%         4
 Flame Wave               Conj/Fire      2%         2d4       91%         4
 Leda's Liquefaction      Hex/Erth       1%         N/A       91%         4
 Summon Ice Beast         Ice/Summ       2%         N/A       91%         4
 Alistair's Intoxication  Tmut/Pois      4%         N/A       96%         5
 Lee's Rapid Deconstruct  Erth           1%         3d5*      99%         5
 Summon Mana Viper        Hex/Summ       2%         N/A       99%         5
 Dispersal                Tloc           1%         N/A       100%        6
 Statue Form              Tmut/Erth      4%         N/A       100%        6
 Summon Cactus Giant      Summ           1%         N/A       100%        6
 Monstrous Menagerie      Summ           1%         N/A       100%        7


Dungeon Overview and Level Annotations

Branches:
Dungeon (4/15)
 Temple: D:4-7

Altars:
Dithmenos
Gozag
Vehumet

Annotations:
D:4 2 transporters, dricus's ghost, novice GnWn


Innate Abilities, Weirdness & Mutations

You are a tree.
Your roots penetrate the ground, keeping you stationary.
You cannot be teleported.
You are immune to unholy pain and torment.
Your maximum health is greatly increased.
Your equipment is partially melded.
((You have extremely sharp teeth.))
Your natural rate of healing is unusually fast.
When hurt, damage is shared between your health and your magic reserves.
((Your bite disrupts and absorbs the magic of your enemies.))
Potions cannot restore your health.


Message History

The shadow demon is lightly wounded.
The orc hits you but does no damage.
The shadow demon hits you but does no damage.
You barely miss the shadow demon.
The shadow demon is lightly wounded.
The orc hits you but does no damage.
The shadow demon hits you but does no damage.
You barely miss the shadow demon.
The shadow demon is lightly wounded.
The orc hits you but does no damage. The shadow demon hits you!
You barely miss the shadow demon. The orc hits you but does no damage.
The shadow demon gestures.
You barely miss the shadow demon.
The orc dissolves into shadows!
The shadow demon hits you but does no damage.
You closely miss the shadow demon.
Your transformation is almost over.
The ogre hits you but does no damage.
You hit the shadow demon but do no damage.
You punch the shadow demon.
The shadow demon is lightly wounded.
The shadow demon hits you but does no damage.
The ogre hits you with a +0 giant club!
* * * LOW HITPOINT WARNING * * *
You hit the shadow demon but do no damage.
The shadow demon is lightly wounded.
The shadow demon hits you but does no damage.
You hit the shadow demon but do no damage.
The shadow demon is lightly wounded.
The shadow demon hits you.
* * * LOW HITPOINT WARNING * * *
The ogre hits you with a +0 giant club.
* * * LOW HITPOINT WARNING * * *
Press: ? - help, v - describe, . - travel
Here: a shadow demon (lightly wounded, durably summoned)
The floor, spattered with blood.
As you read the scroll of silence, it crumbles to dust.
A profound silence engulfs you.
The shadow demon hits you but does no damage.
The ogre hits you with a +0 giant club!!
You die...

.....## #.....#W#.....#g
##.#########..#Sg...(.WS
##. ..........##8g...S8#
^ ...........######### #
#.#########.......©....
#.#.#...#####............
.......##$$$..####...<..
#.#...#2Y_$..######....
#.....♣Ohg$............
#.##.####.#..##.###....
#.# #.......####... #.#
####........... #.#
###......... ##.##
##.####### #...###### #.#
#.#......# #.#
#...####.####.#


You could see a shadow demon (unsilenced), a sky beast (summoned), an ogre
(summoned), a hound (summoned) and a hobgoblin (summoned).

Vanquished Creatures
  2 shadows (D:4)
  A scorpion (D:4)
  A hound (D:3)
  Natasha (thrice) (D:2)
  Terence (D:2)
  3 gnolls (D:4)
  2 adders (D:2)
  2 worms (D:2)
  2 dart slugs
  4 orcs (D:4)
  7 ball pythons
  4 endoplasms
  2 giant cockroaches
  10 goblins
  8 hobgoblins
  3 kobolds
  5 quokkas
  6 bats
  2 frilled lizards
  11 rats
79 creatures vanquished.

Notes
Turn   | Place    | Note
-------+----------+-------------------------------------------
     0 | D:1      | Dabor the Vine Stalker Transmuter began the quest for the
                  | Orb.
     0 | D:1      | Reached XP level 1. HP: 9/9 MP: 4/4
    20 | D:1      | Found a faded altar of an unknown god.
   129 | D:1      | Reached skill level 1 in Fighting
   415 | D:1      | Reached XP level 2. HP: 11/14 MP: 4/6
   558 | D:1      | Prayed at the altar of an unknown god.
   558 | D:1      | Became a worshipper of Dithmenos the Shadowed
   558 | D:1      | Reached * piety under Dithmenos
   560 | D:1      | Fell from the grace of Dithmenos
   987 | D:2      | Noticed Natasha
   995 | D:2      | Killed Natasha
   996 | D:2      | Reached XP level 3. HP: 6/18 MP: 3/7
  1830 | D:2      | Noticed Terence
  1854 | D:2      | Killed Terence
  1855 | D:2      | Gained mutation: Your natural rate of healing is unusually
                  | fast. [Vine Stalker growth]
  1855 | D:2      | Reached XP level 4. HP: 12/23 MP: 5/9
  1887 | D:2      | Noticed Natasha
  1900 | D:2      | Killed Natasha
  1906 | D:2      | Reached XP level 5. HP: 26/26 MP: 7/10
  2075 | D:2      | Noticed Natasha
  2359 | D:2      | Killed Natasha
  2581 | D:3      | Found a radiant altar of Vehumet.
  3157 | D:4      | Reached skill level 4 in Unarmed Combat
  3157 | D:4      | Reached XP level 6. HP: 31/32 MP: 9/12
  3235 | D:4      | Found a shadowy altar of Dithmenos.
  3248 | D:4      | Found a transporter.
  3252 | D:4      | Noticed a vampire
  3252 | D:4      | Noticed a yak
  3252 | D:4      | Noticed a yak
  3362 | D:4      | Noticed a shadow
  3362 | D:4      | Noticed a shadow demon
  3362 | D:4      | Noticed a shadow
  3362 | D:4      | Noticed a shadow
  3434 | D:4      | Noticed dricus's ghost (novice GnWn)
  3500 | D:4      | Found a transporter.
  3561 | D:4      | Found an opulent altar of Gozag.
  3587 | D:4      | Killed a shadow
  3701 | D:4      | Killed a shadow
  3725 | D:4      | Noticed a sky beast
  3730 | D:4      | Mangled by an ogre

Illustrated notes

Levels and vault maps discovered:
D:1:      scummos_arrival_forest, layout_loops_cross,
          ebering_ecumenical_altar_sacrificial, bh_walls_and_bars
D:2:      layout_basic, minmay_fractal_squares_5, uniq_terence, uniq_natasha
D:3:      layout_loops_ring, mainiacjoe_overflow_alcove_1, serial_glass,
          glass_columns_a, glass_columns_a, glass_columns_b, glass_columns_a,
          glass_columns_b, glass_columns_a, glass_columns_a, glass_columns_c,
          glass_columns_a, glass_columns_c, glass_columns_a, glass_columns_a,
          glass_columns_c, glass_columns_c, due_unseen_surprise
D:4:      layout_loops_ring, nicolae_gozag_seed_capital,
          mainiacjoe_overflow_small_starburst, gammafunk_ghost_arena,
          serial_rivers, chequers_serial_rivers_large_a,
          chequers_serial_rivers_room_a, chequers_serial_rivers_micro_a,
          chequers_serial_rivers_room_b

Skill      XL: |  1  2  3  4  5 |
---------------+----------------+-----
Fighting       | 1 2 |  2.5
Dodging        | 2 |  2.7
Spellcasting   | 3 |  3.5
Transmutations | 3 |  3.4
Unarmed Combat | 4 |  4.0
Earth Magic    | |  0.1

Action                   |  1- 3 |  4- 6 || total
-------------------------+-------+-------++-------
Melee: Unarmed           |    66 |   175 ||   241
       Bite              |    11 |    31 ||    42
       Punch             |     2 |     7 ||     9
       Kick              |     9 |    27 ||    36
       Headbutt          |     4 |    16 ||    20
 Cast: Beastly Appendage |    11 |    24 ||    35
Invok: Renounce Religion |     1 |       ||     1
Evoke: Wand              |       |     1 ||     1
  Use: Scroll            |     1 |     7 ||     8
       Potion            |       |     1 ||     1
 Stab: Sleeping          |     2 |       ||     2
Armor: Robe              |     9 |    31 ||    40
       Skin              |       |    31 ||    31
Dodge: Dodged            |    33 |    78 ||   111

Table legend: (Time is in decaauts)
 A = Elapsed time spent in this place.
 B = Non-inter-level travel time spent in this place.
 C = Inter-level travel time spent in this place.
 D = Time resting spent in this place.
 E = Time spent auto-exploring this place.
 F = Levels seen in this place.
 G = Mean time per level.
                   A        B        C        D        E       F      G
               +--------+--------+--------+--------+--------+-----+--------+
         Total |   3707 |   3473 |    234 |      0 |   2825 |   4 |  926.8 |
       Dungeon |   3707 |   3473 |    234 |      0 |   2825 |   4 |  926.8 |
               +--------+--------+--------+--------+--------+-----+--------+

Top non-repeatable levels by time:
     D:2: 1419 daAuts
     D:1: 984 daAuts
     D:3: 717 daAuts
     D:4: 586 daAuts
